 Dungeon Crawl Stone Soup version 0.20-b1 (webtiles) character file.

233 MTVSty1e the Skirmisher (level 5, -1/42 HPs)
             Began as a Demonspawn Gladiator on May 18, 2017.
             Slain by a hound (3 damage)
             ... on level 4 of the Dungeon.
             The game lasted 00:10:37 (1812 turns).

MTVSty1e the Skirmisher (Demonspawn Gladiator)      Turns: 1812, Time: 00:10:38

Health: -1/42      AC:  4    Str: 20    XL:     5   Next: 74%
Magic:  5/5        EV: 13    Int: 10    God:
Gold:   88         SH:  0    Dex: 14    Spells: 4/4 levels left

rFire    . . .     SeeInvis .   j - +4 spear
rCold    . . .     Gourm    .   (no shield)
rNeg     . . .     Faith    .   b - +0 leather armour
rPois    .         Spirit   .   (helmet restricted)
rElec    .         Reflect  .   (no cloak)
rCorr    .         Harm     .   h - +0 pair of gloves
MR       .....                  (no boots)
Stlth    +.........             s - amulet of regeneration
Regen    0.6/turn               o - ring of wizardry
MPRegen  0.1/turn               (no ring)

@: mighty, hasted, very quick
A: claws 1, horns 1, demonic guardian 1
a: no special abilities


You were on level 4 of the Dungeon.
You were not hungry.

You visited 1 branch of the dungeon, and saw 4 of its levels.

You collected 88 gold pieces.

Inventory:

Hand Weapons
 a - a +0 war axe
 j - a +4 spear (weapon)
Missiles
 d - 3 throwing nets (quivered)
Armour
 b - a +0 leather armour (worn)
 h - a +0 pair of gloves (worn)
Jewellery
 o - a ring of wizardry (left hand)
 s - an amulet of regeneration (around neck)
Scrolls
 f - a scroll of immolation {unknown}
 g - 2 scrolls of remove curse
 m - a scroll of teleportation {unknown}
 n - a scroll of blinking {unknown}
 q - 2 scrolls of recharging {unknown}
 r - a scroll of amnesia {unknown}
Potions
 c - a potion of ambrosia
 l - a potion of brilliance {unknown}
 p - a potion of curing {unknown}
Comestibles
 t - 2 meat rations
 u - a fruit
 v - a bread ration


   Skills:
 * Level 4.2 Fighting
 - Level 2.8(3.1) Axes
 + Level 1.7(2.5) Polearms
 - Level 1.7 Throwing
 + Level 2.0 Armour
 + Level 3.5 Dodging


You had 4 spell levels left.
You didn't know any spells.

Dungeon Overview and Level Annotations

Branches:
Dungeon (4/15)
 Temple: D:4-7

Altars:
Zin
The Shining One

Annotations:
D:3 MTVSty1e's ghost, amateur DsGl


Innate Abilities, Weirdness & Mutations

You have sharp fingernails.
You have a pair of small horns on your head.
A weak demonic guardian rushes to your aid.


Message History

The hound bites you.
You hit the two-headed ogre.
Your headbutt misses the two-headed ogre.
The two-headed ogre is lightly wounded.
The hound misses you.
The two-headed ogre hits you but does no damage.
The two-headed ogre closely misses you.
You puncture the two-headed ogre!
The two-headed ogre is moderately wounded.
The hound bites you.
* * * LOW HITPOINT WARNING * * *
The hound bites you but does no damage.
You puncture the two-headed ogre!
The two-headed ogre is heavily wounded.
The two-headed ogre hits you with a giant spiked club!
* * * LOW HITPOINT WARNING * * *
The two-headed ogre barely misses you. The hound bites you.
* * * LOW HITPOINT WARNING * * *
It was a potion of haste.
You feel yourself speed up. The hound bites you.
You die...

####..# .....## #.......
#.#####. . #. ####. #
#############....
....####.............###
..w.hhh@O#############
...$.##### ###


You could see a two-headed ogre, a worm, a hound and 2 jackals.

Vanquished Creatures
  Sigmund (D:2)
  An orc wizard (D:4)
  2 adders (D:2)
  2 oozes (D:2)
  2 dart slugs
  2 leopard geckos
  An orc (D:3)
  5 goblins
  4 hobgoblins
  5 jackals
  A ball python (D:1)
  4 bats (D:1)
  6 frilled lizards
  A jackal skeleton (D:4)
  4 kobolds
  7 rats
48 creatures vanquished.

Vanquished Creatures (collateral kills)
  A centaur skeleton (D:4)
  A dart slug (D:2)
  3 orcs (D:4)
  A rat (D:3)
6 creatures vanquished.

Grand Total: 54 creatures vanquished

Notes
Turn   | Place    | Note
-------+----------+-------------------------------------------
     0 | D:1      | MTVSty1e the Demonspawn Gladiator began the quest for the Orb.
     0 | D:1      | Reached XP level 1. HP: 16/16 MP: 1/1
   104 | D:1      | Gained mutation: You have sharp fingernails. [demonic ancestry]
   104 | D:1      | Reached XP level 2. HP: 22/22 MP: 2/2
   227 | D:1      | Reached skill level 1 in Armour
   429 | D:2      | Noticed Sigmund
   480 | D:2      | Gained mutation: A weak demonic guardian rushes to your aid. [demonic ancestry]
   480 | D:2      | Reached XP level 3. HP: 28/28 MP: 3/3
   526 | D:2      | Reached skill level 3 in Fighting
   784 | D:2      | Found a glowing golden altar of the Shining One.
  1081 | D:2      | Killed Sigmund
  1081 | D:2      | Reached skill level 1 in Polearms
  1081 | D:2      | Gained mutation: You have a pair of small horns on your head. [demonic ancestry]
  1081 | D:2      | Reached XP level 4. HP: 37/37 MP: 4/4
  1081 | D:2      | Reached XP level 5. HP: 42/42 MP: 5/5
  1115 | D:2      | Reached skill level 4 in Fighting
  1387 | D:3      | Found a glowing silver altar of Zin.
  1439 | D:3      | Noticed MTVSty1e's ghost (amateur DsGl)
  1749 | D:4      | Noticed a two-headed ogre
  1811 | D:4      | HP: 2/42 [two-headed ogre/giant spiked club (10)]
  1812 | D:4      | Slain by a hound

Skill      XL: |  1  2  3  4  5 |
---------------+----------------+-----
Armour         | 1 2 |  2.0
Dodging        | 3 |  3.5
Fighting       | 3 4 |  4.2
Polearms       | 1 |  1.7
Axes           | |  2.8
Throwing       | |  1.7

Action                   |  1- 3 |  4- 6 || total
-------------------------+-------+-------++-------
Melee: War axe           |    24 |       ||    24
       Spear             |    64 |    53 ||   117
       Headbutt          |       |     6 ||     6
  Use: Scroll            |       |     2 ||     2
       Potion            |       |     2 ||     2
 Stab: Sleeping          |     1 |       ||     1
  Eat: Bread ration      |     1 |       ||     1
Armor: Leather armour    |    29 |     8 ||    37
Dodge: Dodged            |    46 |    37 ||    83
